 Dungeon Crawl Stone Soup version 0.28.0-45-g0d030f2227 (webtiles) character file.

Game seed: 11209886171692156642

123 Revguard the Ducker (level 5, -2/44 HPs)
             Began as a Ghoul Gladiator on Apr 15, 2022.
             Slain by an orc
             ... wielding a +2 morningstar of holy wrath
              (7 damage)
             ... on level 3 of the Dungeon.
             The game lasted 00:04:39 (2435 turns).

Revguard the Ducker (Ghoul Gladiator)               Turns: 2435, Time: 00:04:39

Health: -2/44      AC:  6    Str: 24    XL:     5   Next: 7%
Magic:  5/5        EV: 12    Int:  3    God:
Gold:   81         SH:  0    Dex: 12    Spells: 4/4 levels left

rFire   . . .      SeeInvis .   a - +0 quarterstaff
rCold   + + .      Faith    .   (shield currently unavailable)
rNeg    + + +      Spirit   .   b - +0 leather armour
rPois   ∞          Reflect  .   k - +2 helmet
rElec   .          Harm     .   l - scarf {repulsion}
rCorr   .          Rampage  .   (no gloves)
Will    .....                   (no boots)
Stlth   +.........              (no amulet)
HPRegen 0.00/turn               f - +6 ring of strength
MPRegen 0.09/turn               j - ring of protection from cold

@: flying, inhibited regen, repel missiles
A: claws 1, cold resistance 1, negative energy resistance 3, inhibited
regeneration, torment resistance 2
a: no special abilities


You were on level 3 of the Dungeon.
You visited 1 branch of the dungeon, and saw 3 of its levels.

You collected 81 gold pieces.

Inventory:

Hand Weapons
 a - a +0 quarterstaff (weapon)
Missiles
 d - 3 throwing nets (quivered)
Armour
 b - a +0 leather armour (worn)
 k - a +2 helmet (worn)
 l - a scarf of repulsion (worn)
Jewellery
 f - a +6 ring of strength (left claw)
 j - a ring of protection from cold (right claw)
 m - a ring of fire
Scrolls
 n - a scroll of acquirement {unknown}
Potions
 c - 2 potions of resistance
 e - a potion of haste
 i - a potion of berserk rage {unknown}
 o - 2 potions of curing {unknown}


   Skills:
 + Level 2.8 Fighting
 + Level 3.1 Staves
 - Level 1.7 Throwing
 * Level 1.9 Armour
 * Level 3.5 Dodging
 + Level 1.6 Invocations


You had 4 spell levels left.
You didn't know any spells.
Your spell library was empty.

Dungeon Overview and Level Annotations

Branches:
Dungeon (3/15)

Altars:


Innate Abilities, Weirdness & Mutations

You thrive by killing the living.
You are immune to poison.
You have sharp fingernails.
Your flesh is cold resistant. (rC+)
You are immune to negative energy. (rN+++)
You do not regenerate when monsters are visible.
You are immune to unholy pain and torment.


Message History

You barely miss the orc. The orc closely misses you. The orc barely misses you.
You closely miss the orc. The orc closely misses you.
You barely miss the orc. The orc hits you but does no damage.
You hit the orc but do no damage. The orc hits you with a +0 hand axe.
You barely miss the orc. The orc closely misses you.
You sock the orc!
You kill the orc!
You feel better.
The orc throws a boomerang.
The boomerang misses you. The orc hits you but does no damage.
Items here: ) †††.
You barely miss the orc. The orc hits you with a +0 club.
You closely miss the orc. The orc closely misses you.
You sock the orc!
You kill the orc!
You feel better.
You closely miss the orc.
The orc hits you with a +2 morningstar of holy wrath!
You convulse!
You closely miss the orc. The orc closely misses you.
You hit the orc.
The orc is moderately wounded.
The orc barely misses you.
You barely miss the orc.
The orc is moderately wounded.
The orc hits you with a +2 morningstar of holy wrath!
You convulse.
You closely miss the orc.
The orc is moderately wounded.
The orc barely misses you.
The orc hits you with a +2 morningstar of holy wrath!
* * * LOW HITPOINT WARNING * * *
You convulse.
* * * LOW HITPOINT WARNING * * *
It was a potion of lignification.
You feel woody for a moment. The orc closely misses you.
It was a potion of flight.
You feel very buoyant.
You fly up into the air.
The orc hits you with a +2 morningstar of holy wrath!
You die...

#.# #.# #.# #.# #
##.## ... ### # #.#
.. #.#..######.## ##
......o@...#.## ##.
#...#####.###.## #..
. ##.## ##.## #..
#.# ##.# #># ##.#
##.## ####.#
#.###.## #.....
#..#.## #.##.#
#####...#######.##.#
...................#


You could see an orc.

Vanquished Creatures
  Crazy Yiuf (D:2)
  5 adders
  A worm (D:3)
  A dart slug (D:2)
  2 orcs (D:3)
  2 ball pythons
  4 bats
  3 endoplasms
  A giant cockroach (D:1)
  3 hobgoblins
  3 jackals (D:3)
  4 quokkas
  3 frilled lizards
  3 goblins
  4 kobolds
  3 rats
43 creatures vanquished.

Notes
Turn   | Place    | Note
-------+----------+-------------------------------------------
     0 | D:1      | Revguard the Ghoul Gladiator began the quest for the Orb.
     0 | D:1      | Reached XP level 1. HP: 17/17 MP: 0/0
   275 | D:1      | Reached XP level 2. HP: 24/24 MP: 1/1
   732 | D:1      | Reached skill level 1 in Armour
  1048 | D:2      | Found a faded altar of an unknown god.
  1153 | D:2      | Reached skill level 1 in Invocations
  1153 | D:2      | Reached XP level 3. HP: 24/30 MP: 2/2
  1287 | D:2      | Reached XP level 4. HP: 37/37 MP: 3/3
  1594 | D:2      | Found a runed translucent door.
  1595 | D:2      | Noticed Crazy Yiuf
  1602 | D:2      | Killed Crazy Yiuf
  1827 | D:3      | Noticed a phantom
  2410 | D:3      | Reached XP level 5. HP: 44/44 MP: 5/5
  2435 | D:3      | Slain by an orc

Illustrated notes

Levels and vault maps discovered:
D:1:      eino_arrival_cavern_d, layout_loops_corners
D:2:      layout_rooms, basic_ecumenical_altar, uniq_crazy_yiuf_cottage
D:3:      layout_loops_ring, hangedman_abyss_or_decor_lesser_grid,
          minmay_misc_feat_tower

Skill      XL: |  1  2  3 |
---------------+----------+-----
Armour         | 1 |  1.9
Dodging        | 3 |  3.5
Invocations    | 1 |  1.6
Staves         | 3 |  3.1
Fighting       | |  2.8
Throwing       | |  1.7

Action                   |  1- 3 |  4- 6 || total
-------------------------+-------+-------++-------
Melee: Quarterstaff      |    76 |    66 ||   142
  Use: Potion            |       |     4 ||     4
       Scroll            |       |     1 ||     1
Armor: Leather armour    |    28 |    23 ||    51
Dodge: Dodged            |    53 |    39 ||    92
